[Event "*** MasterClass Titled Tuesday Blitz"]
[Site "Chess.com"]
[Date "2017.09.05"]
[Round "2"]
[White "champ2005"]
[Black "wonderfultime"]
[Result "0-1"]
[WhiteElo "2484"]
[BlackElo "2669"]
[TimeControl "180+2"]
[EndTime "13:26:12 PDT"]
[Termination "wonderfultime won by resignation"]

1. e4 c5 2. Nf3 d6 3. d4 cxd4 4. Nxd4 Nf6 5. Nc3 g6 6. Be3 Bg7 7. f3 Nc6 8. Qd2 O-O 9. g4 Be6 10. Nxe6 fxe6 11. O-O-O Qc8 12. Be2 Ne5 13. Bd4 Nfd7 14.
f4 Nc4 15. Bxc4 Qxc4 16. Bxg7 Kxg7 17. h3 Rac8 18. Kb1 b5 19. Rhe1 b4 20. Ne2 Nc5 21. Ng3 Na4 22. f5 e5 23. Qd3 Qc6 24. h4 Qb6 25. Ka1 Nxb2 26. Nh5+ gxh5 27. Kxb2 Rc3 28. Qd2 Kh8 29. gxh5 Rfc8 30. Rc1 Rg3 31. h6 Qc5 32. Re2 a6 33. Kb1 Rcg8 34. Rd1 a5 35.
Qd5 Qxd5 36. Rxd5 a4 37. Rd1 R8g4 38. Ka1 Rxh4 39. Rb1 a3 40. Ree1 Rxh6 41. Rxb4 Rh2 42. Rb3 Rgg2 43. Rxa3 Rxc2 44. Rg1 Rhg2 45. Rh1 Kg7 46.
Ra7 Kf6 47. Rh6+ Kg5 48. Rh1 Kf4 49. Rxe7 Rxa2+ 50. Kb1 Kxe4 51. f6 Raf2 52. f7 h5 53.
Re1+ Kd5 54. Rd1+ Ke4 55. Re1+ Kd3 56. Rd1+ Ke3 57. Re1+ Kd2 58. Rh1 Rg5 59. Rd7 Ke3 60. Re1+ Kd2 61. Rh1 Kc3 62. Rxd6 Rxf7 63. Rc1+ Kb4 64.
Rb6+ Ka5 65. Rb2 e4 66. Rc3 Rb5 67. Ra3+ Kb6 68. Rxb5+ Kxb5 69. Rh3 Kc4 70. Rxh5 Kd3 71. Rh3+ e3 72. Kb2 Rc7 73. Rh6 Kd2 74. Rd6+ Ke1 75. Rh6 e2 76. Rh1+ Kd2 77. Rh2 Kd1 78. Rh1+ e1=Q 79.
Rxe1+ Kxe1 0-1

[Event "*** MasterClass Titled Tuesday Blitz"]
[Site "Chess.com"]
[Date "2017.09.05"]
[Round "2"]
[White "GGuseinov"]
[Black "Kirill_Klukin"]
[Result "1-0"]
[WhiteElo "2713"]
[BlackElo "2514"]
[TimeControl "180+2"]
[EndTime "13:26:37 PDT"]
[Termination "GGuseinov won by resignation"]

1. e4 c5 2. Nf3 Nc6 3. Nc3 e5 4. Bc4 Be7 5. d3 Nf6 6. Ng5 O-O 7. O-O d6 8. f4 exf4 9. Bxf4 h6 10. Nf3 Be6 11. Nd5 Bxd5 12. Bxd5 Nxd5 13. exd5 Nd4 14.
Nd2 Bg5 15. c3 Bxf4 16. Rxf4 Qg5 17. g3 Nf5 18. Ne4 Qg6 19. Rg4 Ne3 20. Rxg6 Nxd1 21.
Rxd6 Nxb2 22. Rb1 Nxd3 23. Rxb7 Rfd8 24. Rdd7 Ne5 25. Rxd8+ Rxd8 26. d6 Rd7 27. Nxc5 Rxd6 28. Rxa7 Rd1+ 29. Kf2 Rd2+ 30. Ke3 Rxh2 31. a4 Ra2 32.
Ke4 Nc4 33. Kd4 Nd6 34. Kd5 Nf5 35. a5 Nxg3 36. a6 h5 37. Re7 h4 38. Re3 Nf5 39. Rf3 Ne7+ 40. Kd6 Ng6 41. Kc7 Ne5 42. Re3 Ng4 43.
Rh3 g5 44. Kb7 Ne5 45. Ne4 Nd7 46. a7 Rb2+ 47. Kc7 Ra2 48. Kxd7 Rxa7+ 49. Kd6 Ra5 50. c4 Kg7 51. c5 Kg6 52. c6 f5 53. c7 Ra8 54. Nc5 Kh5 55. Nd7 Rc8 56. Nf6+ Kg6 57. Nd5 Kh5 58. Ne7 Rxc7 59. Kxc7 f4 60. Kd6 Kg4 61.
Rh1 Kf3 62. Nf5 Kg2 63. Ra1 f3 64. Ne3+ Kf2 65. Ng4+ Kg3 66. Rg1+ Kf4 67. Kd5 h3 68. Kd4 f2 69. Nxf2 h2 70. Ra1 Kf3 71. Nh1 g4 72. Ra3+ Kg2 73. Ng3 h1=Q 74. Nxh1 Kxh1 75. Rg3 Kh2 76.
Rxg4 1-0

[Event "*** MasterClass Titled Tuesday Blitz"]
[Site "Chess.com"]
[Date "2017.09.05"]
[Round "2"]
[White "Aygehovit1992"]
[Black "GrigorGrigorov"]
[Result "0-1"]
[WhiteElo "2444"]
[BlackElo "2590"]
[TimeControl "180+2"]
[EndTime "13:26:38 PDT"]
[Termination "GrigorGrigorov won on time"]

1. d4 Nf6 2. Nc3 d5 3. Bf4 g6 4. Nf3 Bg7 5. h4 h5 6. Qd2 c6 7. Ng5 b5 8. f3 Nbd7 9. Nd1 Nb6 10. b3 a5 11. Nf2 a4 12. e3 Nh7 13. Nxh7 Rxh7 14. Bd3 Ba6 15. Nh3 c5 16. Ng5 Rh8 17.
Bxg6 fxg6 18. Ne6 Qd7 19. Nxg7+ Kf7 20. Be5 Rh7 21. dxc5 Nc8 22. Qd4 Na7 23. Qf4+ Kg8 24. Rd1 Nc6 25. Ba1 Rxg7 26. Bxg7 Kxg7 27. bxa4 b4 28.
Qg5 Bc4 29. g4 hxg4 30. h5 Qf5 31. Qxg4 Qxc2 32. Qxg6+ Qxg6 33. hxg6 Rxa4 34. Rd2 Kxg6 35. e4 Rxa2 36. Rxa2 Bxa2 37. Kd2 d4 38. f4 b3 39.
Kc1 Kf7 40. Rd1 e5 41. fxe5 Ke6 42. Kb2 Kxe5 43. Rh1 Kxe4 44. Rh5 Ne5 45. Rh4+ Kd5 46. Rh5 d3 47. c6 d2 48. c7 d1=Q 49. Rxe5+ Kxe5 50. c8=Q Qd2+ 51. Ka3 Qd6+ 52. Kb2 Qd2+ 53. Ka3 Qc2 54.
Qh8+ Ke4 55. Qh7+ Ke3 56. Qh6+ Kd3 57. Qg6+ Kd2 58. Qg5+ Kd1 59. Qg1+ Kd2 60. Qg5+ Kd3 61. Qg6+ Kd4 62. Qg7+ Kc5 63. Qc7+ Kd4 64. Qg7+ Ke3 65. Qh6+ Ke2 66. Qh5+ Ke1 67. Qh1+ Kd2 68. Qh6+ Kd1 69.
Qh1+ Ke2 70. Qh2+ Kd3 71. Qh7+ Kd4 72. Qg7+ Kd5 73. Qg8+ Ke5 74. Qg7+ Kf4 75. Qh6+ Kf3 76. Qh5+ Kg2 77. Qg4+ Kf1 78. Qh3+ Qg2 79. Qd3+ Ke1 80. Qe3+ Kd1 81. Qd3+ Kc1 82. Qc3+ Kb1 83. Qd3+ Qc2 84. Qf1+ Qc1+ 0-1

[Event "*** MasterClass Titled Tuesday Blitz"]
[Site "Chess.com"]
[Date "2017.09.05"]
[Round "2"]
[White "Muracle"]
[Black "biostatistician"]
[Result "1-0"]
[WhiteElo "2471"]
[BlackElo "2434"]
[TimeControl "180+2"]
[EndTime "13:27:38 PDT"]
[Termination "Muracle won by checkmate"]

1. Nf3 Nf6 2. g3 g6 3. Bg2 Bg7 4. O-O O-O 5. b3 b6 6. Bb2 Bb7 7. c4 c5 8. Nc3 Nc6 9. d4 Nxd4 10. Nxd4 Bxg2 11. Kxg2 cxd4 12. Qxd4 Ne8 13. Qd3 Qc7 14. Rad1 d6 15. Nd5 Qb7 16. Qf3 Kh8 17. Ba3 Nf6 18.
Nxe7 Qxe7 19. Bxd6 Qe4 20. Bxf8 Bxf8 21. Rd3 Re8 22.
Rfd1 Kg7 23. Qxe4 Rxe4 24. e3 a5 25. Rd8 Bc5 26. Rc8 h5 27. h3 g5 28. Rc7 Kg6 29.
Rc6 Re8 30. Rd7 Kg7 31. Rb7 Ne4 32. Rd7 Nc3 33. a3 Ne4 34. Rd5 Re6 35. Rc7 Kg6 36.
f4 gxf4 37. exf4 f5 38. g4 hxg4 39. hxg4 Nd6 40. Rc6 Kf6 41. gxf5 Nxf5 42. Rxe6+ Kxe6 43. Rd3 Nd6 44. Kf3 Bxa3 45. Rd1 Bc5 46. Rh1 Nf5 47. Re1+ Kd6 48. Ke4 Ng3+ 49. Kf3 Nf5 50. Rd1+ Kc6 51. Ke4 Nd6+ 52. Ke5 a4 53. bxa4 Nxc4+ 54. Ke6 Nb2 55. Rc1 Nxa4 56. f5 Kb5 57. f6 Kb4 58. f7 Nc3 59. Kd7 Kc4 60. Kc6 Kb4 61.
Rf1 Kc4 62. Rf4+ Kb3 63. Rf5 Bb4 64. Kxb6 Ne2 65. Rb5 Nd4 66. Rxb4+ Kxb4 67. f8=Q+ Kc4 68. Qf4 Kd3 69. Qg3+ Kc4 70. Kc7 Kd5 71. Qg5+ Ke6 72. Qg4+ Kd5 73. Qh5+ Ke6 74. Qd1 Kd5 75. Kd7 Ke5 76.
Qh5+ Ke4 77. Kd6 Nf5+ 78. Kc5 Ke5 79. Qe2+ Kf4 80. Kd5 Ne3+ 81. Kd6 Ke4 82. Ke6 Kd4 83.
Qb2+ Ke4 84. Qb4+ Kd3 85. Ke5 Nc4+ 86. Kf5 Ne3+ 87. Kg5 Nc4 88. Kf4 Kd4 89. Qe1 Kd5 90.
Qe7 Nd6 91. Qd7 Kc5 92. Qe6 Nc4 93. Ke4 Nd6+ 94. Kd3 Kc6 95. Kd4 Kc7 96. Kd5 Nb7 97.
Qc6+ Kb8 98. Qb6 Kc8 99. Ke6 Nd8+ 100. Ke7 Nb7 101. Ke8 Kb8 102. Kd7 Ka8 103. Kc7 Nd6 104. Qb8# 1-0

[Event "*** MasterClass Titled Tuesday Blitz"]
[Site "Chess.com"]
[Date "2017.09.05"]
[Round "2"]
[White "plouarzel"]
[Black "gammagramma"]
[Result "1/2-1/2"]
[WhiteElo "2441"]
[BlackElo "2347"]
[TimeControl "180+2"]
[EndTime "13:33:47 PDT"]
[Termination "Game drawn - insufficient material"]

1. e4 e6 2. d4 d5 3. Nd2 Nc6 4. Ngf3 Nf6 5. e5 Nd7 6. Bd3 Nb4 7. Be2 c5 8. c3 Nc6 9. O-O Be7 10. Re1 O-O 11. Nf1 cxd4 12. cxd4 f6 13. exf6 Bxf6 14.
b3 e5 15. dxe5 Ndxe5 16. Nxe5 Bxe5 17. Rb1 Qf6 18. Bf3 Bf5 19. Qxd5+ Kh8 20. Ba3 Rfd8 21. Qb5 Bxb1 22. Rxb1 Nd4 23. Qxb7 Rab8 24. Qe4 Nxf3+ 25.
Qxf3 Qxf3 26. gxf3 Rbc8 27. Re1 Bf6 28. Bc1 Rc2 29.
Be3 Rxa2 30. Ng3 h6 31. Ne4 Bd4 32. Rd1 Bb6 33. Re1 Rd3 34. Bxb6 axb6 35. Kg2 Rxb3 36. Rd1 Ra8 37. Rd7 Rf8 38. Nd2 Rc3 39. Rd5 Rc5 40. Rd6 b5 41. Ne4 Rcf5 42. Rb6 Rxf3 43. Rxb5 R3f4 44. Re5 Kh7 45. Kg3 g5 46. Re6 R8f7 47. Kg2 Kg7 48. Re8 R7f5 49. Kg1 h5 50. Ng3 Kf7 51.
Re2 Rd5 52. Nxh5 Ra4 53. Kg2 Rd1 54. Ng3 Raa1 55. Re4 Kf6 56. Rb4 Rdb1 57. Rc4 Rg1+ 58. Kf3 Ra3+ 59. Kg4 Rg2 60. Rc6+ Kf7 61. Rc7+ Ke6 62.
Rc6+ Kd7 63. Rc5 Rxh2 64. Rf5 Ke6 65. Rf8 Ra5 66. Re8+ Kf7 67. Re2 Kf6 68. Rc2 Rh4+ 69. Kf3 Rf4+ 70. Kg2 Kg6 71. Rc6+ Rf6 72. Rc2 Ra4 73.
Rd2 Raf4 74. Rc2 Ra4 75. Re2 Rff4 76. Re6+ Rf6 77. Re2 Rfa6 78. Rd2 Rb4 79. Rd8 Ra2 80. Rf8 Rf4 81. Rg8+ Kh6 82. Nh1 Rg4+ 83. Kf3 Rf4+ 84. Kg2 Rf5 85. Kg3 Kh7 86. Rc8 Kg6 87. Kg2 Kf7 88.
Rc7+ Ke6 89. Rc6+ Kd5 90. Rc3 Kd4 91. Rc8 Kd3 92. Re8 Rc2 93. Re3+ Kd4 94. Re8 Kc3 95.
Rc8+ Kb2 96. Rb8+ Kc1 97. Re8 Kd1 98. Re7 Rd2 99. Kf1 g4 100. Re1+ Kc2 101. Re3 Rf4 102.
Kg2 Kd1 103. Kf1 Rf3 104. Re1+ Kc2 105. Kg2 Kd3 106. Rf1 Ke4 107. Ng3+ Kf4 108. Nh5+ Kg5 109. Ng3 Kh4 110. Rh1+ Kg5 111. Rf1 Kg6 112. Ne4 Ra2 113. Ng3 Kg5 114. Ne4+ Kg6 115. Ng3 Rf4 116. Nh1 Kg5 117. Ng3 Kg6 118. Nh1 Kf5 119. Ng3+ Kg5 120. Nh1 Kh4 121. Ng3 Rf3 122. Rh1+ Kg5 123. Rf1 Kf4 124. Nh5+ Ke5 125. Ng3 Rb3 126. Re1+ Kf6 127. Ne4+ Kg6 128. Ng3 Rbb2 129. Rf1 Kg5 130. Ne4+ Kf4 131. Ng3 Rc2 132. Nh5+ Ke4 133. Ng3+ Kd3 134. Nf5 Ke4 135. Ng3+ Kf4 136. Nh5+ Kg5 137. Ng3 Ra3 138. Re1 Rca2 139. Re5+ Kf6 140. Rf5+ Kg6 141. Rf4 Kg5 142. Rf5+ Kg6 143. Rf4 Ra4 144. Rf8 Kg5 145. Rf5+ Kg6 146. Rf8 Ra6 147. Rg8+ Kf6 148. Rxg4 Rb2 149. Rf4+ Kg5 150. Rf5+ Kg4 151. Rf8 Ra1 152. Rg8+ Kf4 153. Nh5+ Ke5 154. Rg5+ Kd4 155. Ng3 Rbb1 156. Rg8 Ke5 157. Rf8 Rg1+ 158. Kh3 Rgb1 159. Kg4 Ra4+ 160. f4+ Ke6 161. Re8+ Kf7 162. Rc8 Rf1 163. Nh5 Rg1+ 164. Kf3 Ra3+ 165. Ke4 Ra5 166. Rc7+ Kg6 167. Rg7+ Kxh5 168. Rxg1 Ra4+ 169. Ke5 Ra5+ 170. Ke6 Ra6+ 171. Ke5 Ra5+ 172. Kd6 Ra6+ 173. Kd5 Ra5+ 174. Ke4 Ra4+ 175. Kf3 Ra3+ 176. Ke2 Ra2+ 177. Kd3 Ra3+ 178. Kd4 Ra4+ 179. Ke5 Ra5+ 180. Kd6 Rf5 181. Rf1 Kg4 182. Ke6 Rxf4 183. Rg1+ Kf3 184. Ke5 Re4+ 185. Kd5 Re2 186. Rf1+ Rf2 187. Rxf2+ Kxf2 1/2-1/2

[Event "*** MasterClass Titled Tuesday Blitz"]
[Site "Chess.com"]
[Date "2017.09.05"]
[Round "3"]
[White "Saitama_Hero"]
[Black "djogrodek1"]
[Result "1-0"]
[WhiteElo "2319"]
[BlackElo "2417"]
[TimeControl "180+2"]
[EndTime "13:37:05 PDT"]
[Termination "Saitama_Hero won by resignation"]

1. d4 Nf6 2. c4 c6 3. Nc3 d5 4. cxd5 cxd5 5. f3 Nc6 6. e4 dxe4 7. d5 Ne5 8. fxe4 g6 9. Nf3 Nxf3+ 10. Qxf3 Bg7 11.
e5 Nd7 12. e6 fxe6 13. dxe6 Nf6 14. Bb5+ Kf8 15. O-O Bxe6 16. Bg5 Kg8 17. Rae1 Bf7 18.
Qxb7 Kf8 19. Rxe7 Qb6+ 20. Qxb6 axb6 21. Rb7 1-0

[Event "*** MasterClass Titled Tuesday Blitz"]
[Site "Chess.com"]
[Date "2017.09.05"]
[Round "3"]
[White "stefanodinn"]
[Black "plouarzel"]
[Result "1-0"]
[WhiteElo "2207"]
[BlackElo "2428"]
[TimeControl "180+2"]
[EndTime "13:37:16 PDT"]
[Termination "stefanodinn won by checkmate"]

1. e4 d6 2. d4 Nf6 3. f3 d5 4.
e5 Nfd7 5. f4 c5 6. Nf3 cxd4 7. e6 fxe6 8. Nxd4 Nf6 9. Bb5+ Kf7 10. O-O a6 11. Bd3 Nc6 12. Nf3 h6 13. Ne5+ Ke8 14.
Bg6# 1-0

[Event "*** MasterClass Titled Tuesday Blitz"]
[Site "Chess.com"]
[Date "2017.09.05"]
[Round "3"]
[White "TomsKantans"]
[Black "popov_m"]
[Result "1-0"]
[WhiteElo "2439"]
[BlackElo "2424"]
[TimeControl "180+2"]
[EndTime "13:37:24 PDT"]
[Termination "TomsKantans won by checkmate"]

1. e4 g6 2. d4 Bg7 3. Nc3 d6 4. f4 Nf6 5. Nf3 O-O 6. e5 Nfd7 7. h4 c5 8. h5 cxd4 9. hxg6 dxc3 10.
gxf7+ Rxf7 11. Bc4 Qa5 12. b4 Qxb4 13. Bxf7+ Kxf7 14. Ng5+ Ke8 15. Qh5+ Kd8 16. Ne6# 1-0

[Event "*** MasterClass Titled Tuesday Blitz"]
[Site "Chess.com"]
[Date "2017.09.05"]
[Round "3"]
[White "chesstatour"]
[Black "Hafez_Bakr"]
[Result "1-0"]
[WhiteElo "2070"]
[BlackElo "1866"]
[TimeControl "180+2"]
[EndTime "13:37:44 PDT"]
[Termination "chesstatour won by resignation"]

1. c4 f5 2. Nc3 Nf6 3. g3 d6 4. Bg2 e5 5. d3 c6 6. Nf3 Be7 7. O-O O-O 8. Rb1 a5 9. b3 Be6 10. Ng5 Bd7 11. f4 h6 12. Nf3 Ng4 13. h3 Qb6+ 14. d4 exd4 15. Na4 Qa7 16. hxg4 fxg4 17. Nxd4 Bf6 18. e3 c5 19. Nb5 Bxb5 20. cxb5 b6 21. Qd5+ 1-0

[Event "*** MasterClass Titled Tuesday Blitz"]
[Site "Chess.com"]
[Date "2017.09.05"]
[Round "3"]
[White "gammagramma"]
[Black "Darkbluelord"]
[Result "0-1"]
[WhiteElo "2335"]
[BlackElo "2143"]
[TimeControl "180+2"]
[EndTime "13:37:47 PDT"]
[Termination "Darkbluelord won by resignation"]

1. d4 Nf6 2. Bg5 c5 3. Bxf6 gxf6 4. d5 Qb6 5. Qc1 Bh6 6. e3 f5 7. c4 f4 8. exf4 Bxf4 9. Qxf4 Qxb2 10. Nf3 Qxa1 11.
Nd2 Qg7 12. Bd3 d6 13. O-O Nd7 14. Re1 Ne5 15. Bf1 Bd7 16. Qe3 O-O-O 17. Qa3 Kb8 18. Nc3 Bf5 19. Qa5 Rc8 20. f4 Ng6 21. Nb3 b6 22. Qb5 Qxc3 0-1

[Event "*** MasterClass Titled Tuesday Blitz"]
[Site "Chess.com"]
[Date "2017.09.05"]
[Round "3"]
[White "Tarlev_Konstantin"]
[Black "BilodeauA"]
[Result "0-1"]
[WhiteElo "2625"]
[BlackElo "2658"]
[TimeControl "180+2"]
[EndTime "13:38:10 PDT"]
[Termination "BilodeauA won by resignation"]

1. c4 e5 2. Nc3 d6 3. g3 Nc6 4. Bg2 f5 5. e3 Nf6 6. Nge2 g6 7. d4 Bg7 8. O-O O-O 9. b3 e4 10. f3 exf3 11. Bxf3 Ne7 12. Nf4 c6 13. Qd3 g5 14.
Nfe2 d5 15. Ba3 Be6 16. cxd5 cxd5 17. Nb5 a6 18. Nd6 Qd7 19. Rac1 Ne4 20. Bxe4 fxe4 21.
Qc3 Bh3 22. Rxf8+ Rxf8 23. Kh1 Qg4 0-1

[Event "*** MasterClass Titled Tuesday Blitz"]
[Site "Chess.com"]
[Date "2017.09.05"]
[Round "3"]
[White "andreimacovei2000"]
[Black "Godzillator"]
[Result "1-0"]
[WhiteElo "2402"]
[BlackElo "2292"]
[TimeControl "180+2"]
[EndTime "13:38:10 PDT"]
[Termination "andreimacovei2000 won by resignation"]

1. d4 d5 2. Nc3 c6 3. Bf4 Nf6 4. Qd2 Bf5 5. f3 e6 6. g4 Bg6 7. h4 h5 8. g5 Nfd7 9. O-O-O Qa5 10. a3 Nb6 11. e4 N8d7 12. Kb1 Nc4 13. Bxc4 dxc4 14.
Nge2 b5 15. d5 cxd5 16. exd5 e5 17. d6 exf4 18. Qd5 Rb8 19. Nd4 Qb6 20. Rhe1+ Kd8 21. Nc6+ Kc8 22. Re8+ Kb7 23. Nxb8+ 1-0

[Event "*** MasterClass Titled Tuesday Blitz"]
[Site "Chess.com"]
[Date "2017.09.05"]
[Round "3"]
[White "ViIIagra"]
[Black "grzechu96"]
[Result "1-0"]
[WhiteElo "2673"]
[BlackElo "2436"]
[TimeControl "180+2"]
[EndTime "13:38:42 PDT"]
[Termination "ViIIagra won by resignation"]

1. e4 c5 2. Nf3 d6 3. Bb5+ Nd7 4. O-O Nf6 5. Re1 a6 6. Bd3 e6 7. c3 b5 8. Bc2 c4 9. d4 cxd3 10. Qxd3 Bb7 11. Nbd2 Be7 12. Qe2 O-O 13. Nf1 Nc5 14. Ng3 Rc8 15. Bf4 Qb6 16. Rad1 Rfd8 17. e5 dxe5 18.
Nxe5 Nd5 19. Bxh7+ Kxh7 20. Qh5+ Kg8 21. Qxf7+ Kh7 22. Nh5 Rg8 23. Qg6+ 1-0

[Event "*** MasterClass Titled Tuesday Blitz"]
[Site "Chess.com"]
[Date "2017.09.05"]
[Round "3"]
[White "TrickyTrapChess"]
[Black "WeiYi1999"]
[Result "1-0"]
[WhiteElo "2287"]
[BlackElo "2116"]
[TimeControl "180+2"]
[EndTime "13:38:52 PDT"]
[Termination "TrickyTrapChess won by resignation"]

1. c4 c6 2. d4 d5 3. cxd5 cxd5 4.
Nc3 Nf6 5. Nf3 Nc6 6. Bf4 e6 7. e3 a6 8. Bd3 Be7 9. O-O O-O 10. h3 b5 11. Rc1 Bb7 12. Ne5 Rc8 13. a3 Nxe5 14.
Bxe5 Nd7 15. Bg3 Nb6 16. Re1 Nc4 17. Qc2 g6 18. Bf4 Qa5 19. f3 b4 20. axb4 Bxb4 21. Red1 Nxb2 22. Qxb2 Ba3 23. Qa1 Bc6 24. Bd6 Bb4 25.
Qxa5 Bxa5 26. Bxf8 1-0

[Event "*** MasterClass Titled Tuesday Blitz"]
[Site "Chess.com"]
[Date "2017.09.05"]
[Round "3"]
[White "mwpchess"]
[Black "2L8IWUN"]
[Result "1-0"]
[WhiteElo "2472"]
[BlackElo "1770"]
[TimeControl "180+2"]
[EndTime "13:39:16 PDT"]
[Termination "mwpchess won by resignation"]

1. e4 e6 2. d4 d5 3. Nc3 dxe4 4. Nxe4 Bd7 5. Nf3 Bc6 6. Bd3 Nd7 7. Bg5 Be7 8. Bxe7 Qxe7 9. c3 Ngf6 10. Qe2 Nxe4 11. Bxe4 Bxe4 12. Qxe4 c6 13. O-O O-O 14. Rfe1 Qd6 15. Rad1 Rfe8 16. Ne5 Rad8 17. Qe2 f6 18.
Nf3 Kf7 19. h3 Qc7 20. Qc2 e5 21. Qxh7 exd4 22. Nxd4 Nc5 23. Qh5+ Kf8 24. Qxc5+ 1-0

[Event "*** MasterClass Titled Tuesday Blitz"]
[Site "Chess.com"]
[Date "2017.09.05"]
[Round "3"]
[White "wonderfultime"]
[Black "Yaacovn"]
[Result "1/2-1/2"]
[WhiteElo "2668"]
[BlackElo "2633"]
[TimeControl "180+2"]
[EndTime "13:39:21 PDT"]
[Termination "Game drawn by agreement"]

1. d4 d5 2. c4 e6 3. Nf3 Nf6 4. Nc3 Be7 5. Bf4 Nbd7 6. e3 O-O 7. a3 dxc4 8. Bxc4 a6 9. O-O b5 10. Bd3 Bb7 11. b4 Nb6 12. Bg3 Bd6 13. Bh4 Be7 14. Qc2 h6 15. Bxf6 Bxf6 16. Ne4 Bd5 17.
Nc5 Bxf3 18. gxf3 e5 19. dxe5 Bxe5 20. Rad1 Bxh2+ 21. Kxh2 Qh4+ 22. Kg2 1/2-1/2

[Event "*** MasterClass Titled Tuesday Blitz"]
[Site "Chess.com"]
[Date "2017.09.05"]
[Round "3"]
[White "ftorodent"]
[Black "Iball95"]
[Result "0-1"]
[WhiteElo "2452"]
[BlackElo "2592"]
[TimeControl "180+2"]
[EndTime "13:39:36 PDT"]
[Termination "Iball95 won by resignation"]

1. d4 e6 2. c4 Bb4+ 3. Bd2 a5 4. Nf3 d6 5. Nc3 Nc6 6. a3 Bxc3 7. Bxc3 Nf6 8. Qc2 O-O 9. e4 Re8 10. Bd3 e5 11. O-O Bg4 12. d5 Ne7 13. Nd2 Ng6 14. b4 axb4 15. axb4 Nf4 16. f3 Bd7 17. Rxa8 Qxa8 18.
Ra1 Qc8 19. Bf1 c6 20. Qb2 cxd5 21. cxd5 Qc7 22. Nc4 Bb5 23. Nxd6 Qxd6 24. Bxb5 Qb6+ 25. Kh1 Qxb5 26. Bxe5 Nd3 27. Qe2 Rxe5 28. Rd1 Nxe4 29. fxe4 Rxe4 0-1

[Event "*** MasterClass Titled Tuesday Blitz"]
[Site "Chess.com"]
[Date "2017.09.05"]
[Round "3"]
[White "aa175"]
[Black "pandamaster3000"]
[Result "1/2-1/2"]
[WhiteElo "1850"]
[BlackElo "2007"]
[TimeControl "180+2"]
[EndTime "13:39:52 PDT"]
[Termination "Game drawn by agreement"]

1. e4 e6 2. Nf3 d5 3. exd5 exd5 4. d3 Bd6 5. Be2 Ne7 6. h3 Nbc6 7. Be3 Bf5 8. Nbd2 Bg6 9. Nb3 b6 10. O-O a5 11. a3 a4 12. Nbd4 O-O 13. Bg5 Qd7 14. Nxc6 Nxc6 15. Re1 h6 16. Be3 Rfe8 17. Qd2 Kh7 18.
Bf1 Bh5 19. Nd4 Nxd4 20. Bxd4 c5 21. Be3 Qc7 22. d4 c4 23. c3 Re7 24. Be2 1/2-1/2

[Event "*** MasterClass Titled Tuesday Blitz"]
[Site "Chess.com"]
[Date "2017.09.05"]
[Round "3"]
[White "GianmarcoVaR"]
[Black "Carolina-moon"]
[Result "0-1"]
[WhiteElo "2419"]
[BlackElo "2160"]
[TimeControl "180+2"]
[EndTime "13:40:13 PDT"]
[Termination "Carolina-moon won on time"]

1. d4 f5 2. c4 Nf6 3. Nf3 g6 4. b4 Bg7 5. Bb2 d6 6. e3 O-O 7. Nc3 c5 8. a3 cxd4 9. exd4 e5 10. dxe5 dxe5 11. Qxd8 Rxd8 12. c5 Nc6 13. Bc4+ Kf8 14. Nb5 Ne4 15. O-O a6 16. Nc7 Rb8 17. Rad1 Bd7 18. Nd5 Be6 19. Nb6 Bxc4 20. Nxc4 Nd4 21. Nfxe5 Bxe5 22. Nxe5 Ne2+ 0-1

[Event "*** MasterClass Titled Tuesday Blitz"]
[Site "Chess.com"]
[Date "2017.09.05"]
[Round "3"]
[White "gkchesstiger"]
[Black "yurisolo"]
[Result "1/2-1/2"]
[WhiteElo "2662"]
[BlackElo "2555"]
[TimeControl "180+2"]
[EndTime "13:40:14 PDT"]
[Termination "Game drawn by agreement"]

1. d4 d5 2. Bf4 c5 3. e3 Nc6 4.
c3 Nf6 5. Nd2 Bf5 6. Qb3 Qd7 7.
Ngf3 c4 8. Qd1 e6 9. Be2 Be7 10.
h3 h6 11. Ne5 Nxe5 12. Bxe5 b5 13. O-O O-O 14. Bxf6 Bxf6 15. a3 a5 16. Bf3 Bd3 17. Re1 b4 18. axb4 axb4 19. e4 Rxa1 20. Qxa1 Bg5 21.
Nf1 e5 22. exd5 exd4 23. cxd4 Bf6 24. Qa5 Qd6 1/2-1/2

[Event "*** MasterClass Titled Tuesday Blitz"]
[Site "Chess.com"]
[Date "2017.09.05"]
[Round "3"]
[White "3f32"]
[Black "XDPS"]
[Result "0-1"]
[WhiteElo "2367"]
[BlackElo "2558"]
[TimeControl "180+2"]
[EndTime "13:40:37 PDT"]
[Termination "XDPS won by resignation"]

1. d4 d5 2. c4 c6 3. Nf3 Nf6 4.
Nc3 e6 5. Bg5 Nbd7 6. cxd5 exd5 7. e3 Be7 8. Bd3 Nh5 9. Bxe7 Qxe7 10. Qc2 Nf4 11. Bf1 Nb6 12. O-O-O Ne6 13. e4 dxe4 14. Qxe4 Nc7 15. Bd3 Qxe4 16. Bxe4 Be6 17. Rhe1 h6 18. d5 cxd5 19. Nxd5 Ncxd5 20. Bxd5 Nxd5 21. Rxd5 O-O 22. Rb5 b6 23. Nd4 Bc4 24. Rb4 Rac8 25. Kb1 Bd3+ 26. Ka1 Rfe8 27. Rxe8+ Rxe8 28. Nf3 Re2 29. a4 Rxf2 30.
Ne5 Bf5 31. g4 Be6 32. b3 Rxh2 33. a5 bxa5 34. Rb8+ Kh7 35. Rb7 Re2 36. Nxf7 Bxf7 37. Rxf7 Re4 38. g5 a4 39. gxh6 Kxh6 40. Rxa7 axb3 41.
Kb2 Re3 42. Ra1 g5 43. Rh1+ Kg6 44. Rg1 Rf3 45. Re1 g4 46. Re8 Kg5 47. Rg8+ Kf4 48. Rf8+ Kg3 49. Rg8 Kh3 50. Rh8+ Kg2 51. Rg8 g3 52. Rg7 Kf1 53. Rg8 g2 0-1

[Event "*** MasterClass Titled Tuesday Blitz"]
[Site "Chess.com"]
[Date "2017.09.05"]
[Round "3"]
[White "kleinebeer98"]
[Black "The_Jagermeister"]
[Result "1-0"]
[WhiteElo "2450"]
[BlackElo "2420"]
[TimeControl "180+2"]
[EndTime "13:40:46 PDT"]
[Termination "kleinebeer98 won by resignation"]

1. e4 e6 2. d4 d5 3. Nd2 h6 4. Ngf3 Nf6 5. Bd3 c5 6. exd5 exd5 7. Qe2+ Be7 8. dxc5 O-O 9. O-O Bxc5 10. Nb3 Re8 11. Qd1 Bd6 12. h3 Nc6 13. c3 Ne4 14. Re1 Bf5 15. Be3 Qf6 16. Nbd4 Bh7 17. Qb3 Rad8 18. Qxb7 Rb8 19. Qxc6 Rec8 20. Qxd5 Rc5 21. Bxe4 Rxd5 22. Bxd5 Rxb2 23. Nb3 Bf5 24. c4 Qg6 25. Nh4 Qh5 26.
Nxf5 Qxf5 27. Bd4 Rxb3 28. Re8+ 1-0

[Event "*** MasterClass Titled Tuesday Blitz"]
[Site "Chess.com"]
[Date "2017.09.05"]
[Round "3"]
[White "nonscitis"]
[Black "Indianlad"]
[Result "1-0"]
[WhiteElo "2425"]
[BlackElo "2625"]
[TimeControl "180+2"]
[EndTime "13:40:54 PDT"]
[Termination "nonscitis won by resignation"]

1. e4 c5 2. Nf3 d6 3. d4 cxd4 4. Nxd4 Nf6 5. Nc3 a6 6. Bg5 Qb6 7. a3 Nbd7 8. Bc4 e6 9. O-O Be7 10. Nxe6 fxe6 11. Bxe6 Ne5 12. Bb3 Bg4 13. Qd2 Ned7 14. Kh1 h6 15. Be3 Qc7 16. f4 Bh5 17. Rae1 Bf7 18. Bxf7+ Kxf7 19. Bd4 Rhd8 20. Qe2 Kg8 21. e5 dxe5 22. fxe5 Bc5 23. Bxc5 Qxc5 24. exf6 Nxf6 25. Qe6+ Kh7 26. Rxf6 Re8 27. Rxh6+ gxh6 28. Qf7+ 1-0

[Event "*** MasterClass Titled Tuesday Blitz"]
[Site "Chess.com"]
[Date "2017.09.05"]
[Round "3"]
[White "NTBT_DHS"]
[Black "Fy_Rakotomaharo"]
[Result "1-0"]
[WhiteElo "2546"]
[BlackElo "2469"]
[TimeControl "180+2"]
[EndTime "13:40:56 PDT"]
[Termination "NTBT_DHS won on time"]

1. d4 Nf6 2. c4 g6 3. Nc3 d5 4. cxd5 Nxd5 5. Bd2 Nb6 6. e3 Bg7 7. Nf3 O-O 8. Be2 Nc6 9. O-O e5 10. dxe5 Qe7 11. a4 a5 12. Nb5 Nxe5 13. Nxe5 Bxe5 14. Bc3 c6 15. Nd4 Nd5 16. Qb3 Re8 17. Bc4 Nxc3 18. bxc3 Kg7 19. Rae1 h5 20. f4 Bf6 21. e4 Bxd4+ 22.
cxd4 Qb4 23. Qc2 Be6 24. Bxe6 Qxd4+ 25. Kh1 Rxe6 26. e5 1-0

[Event "*** MasterClass Titled Tuesday Blitz"]
[Site "Chess.com"]
[Date "2017.09.05"]
[Round "3"]
[White "novocane"]
[Black "AdrianaNikolova"]
[Result "1-0"]
[WhiteElo "2144"]
[BlackElo "2247"]
[TimeControl "180+2"]
[EndTime "13:40:59 PDT"]
[Termination "novocane won by resignation"]

1. d4 d5 2. c4 c6 3. cxd5 cxd5 4. Bf4 Nf6 5. Nc3 a6 6. e3 Nc6 7. Bd3 Bg4 8. Qc2 e6 9. a3 Bd6 10. Bxd6 Qxd6 11. f4 Bh5 12. Nf3 Bxf3 13. gxf3 O-O 14. O-O Rac8 15. Kh1 b5 16. Rg1 b4 17. Qg2 g6 18. Na4 bxa3 19. bxa3 Na5 20. Nc5 Nc4 21. Bxc4 dxc4 22. Qg5 Nd7 23. Ne4 Qd5 24. Qe7 Rfe8 25.
Qxd7 Qxd7 26. Nf6+ Kg7 27. Nxd7 c3 28. Rgc1 c2 29.
Nc5 f6 30. Rxc2 e5 31. fxe5 fxe5 32. dxe5 Rxe5 33. Ne6+ 1-0